 Dungeon Crawl Stone Soup version 0.20-a0-672-gd6c3c51 (webtiles) character file.

3872 Murumi the Comforter (level 10, -4/79 HPs)
             Began as a Formicid Fighter on Feb 17, 2017.
             Was a Follower of Elyvilon.
             Slain by a two-headed ogre
             ... wielding a +0 giant club
              (20 damage)
             ... on level 8 of the Dungeon.
             The game lasted 00:45:33 (8298 turns).

Murumi the Comforter (Formicid Fighter)             Turns: 8298, Time: 00:45:33

Health: -4/79      AC: 17    Str: 23    XL:     10   Next: 42%
Magic:  16/16      EV: 14    Int:  9    God:    Elyvilon [*.....]
Gold:   382        SH: 11    Dex: 15    Spells: 9/9 levels left

rFire    + . .     SeeInvis +   a - +0 long sword
rCold    + . .     Gourm    .   m - +0 plate armour
rNeg     . . .     Faith    .   c - +0 shield
rPois    .         Spirit   .   (helmet unavailable)
rElec    .         Reflect  .   B - +0 cloak
rCorr    .         Harm     .   r - +2 pair of gloves
MR       +....                  (no boots)
Stlth    ..........             (no amulet)
Regen    0.3/turn               C - ring of protection from cold
MPRegen  0.2/turn               w - ring of protection from fire

@: agile
A: permanent stasis, dig shafts and tunnels, four strong arms, antennae 3
a: Dig, Shaft Self, Lesser Healing, Divine Protection, Renounce Religion


You were on level 8 of the Dungeon.
You worshipped Elyvilon.
Elyvilon was aware of your devotion.
You were hungry.

You visited 2 branches of the dungeon, and saw 9 of its levels.
You also visited: Sewer.

You collected 382 gold pieces.

Inventory:

Hand Weapons
 a - a +0 long sword (weapon)
Missiles
 t - 58 bolts
Armour
 c - a +0 shield (worn)
 m - a +0 plate armour (worn)
 r - a +2 pair of gloves (worn)
 B - a +0 cloak (worn)
Jewellery
 n - an uncursed ring of flight
 w - a ring of protection from fire (left hand)
 C - a ring of protection from cold (right hand)
Wands
 y - a wand of acid (3/15)
 D - a wand of iceblast (6/15)
 E - a wand of disintegration (9/24)
 G - a wand of acid (8/15)
Scrolls
 h - 8 scrolls of remove curse
 i - a scroll of enchant armour
 k - a scroll of identify
 o - 3 scrolls of fog
 q - 3 scrolls of fear
 s - 2 scrolls of recharging
 u - a scroll of magic mapping
Potions
 b - 5 potions of curing
 d - 4 potions of might
 e - 2 potions of resistance
 g - 2 potions of cancellation
 l - a potion of agility
 x - a potion of ambrosia
 z - 2 potions of brilliance
 A - a potion of lignification
Comestibles
 f - 2 bread rations
 j - 4 meat rations
 v - 2 royal jellies


   Skills:
 - Level 7.0 Fighting
 - Level 5.2 Long Blades
 - Level 7.1 Armour
 - Level 5.0 Dodging
 - Level 8.0 Shields
 + Level 8.3 Invocations


You had 9 spell levels left.
You didn't know any spells.

Dungeon Overview and Level Annotations

Branches:
Dungeon (8/15)             Temple (1/1) D:7            Lair (0/6) D:8

Altars:
Ashenzari
Cheibriados
Dithmenos
Elyvilon
Fedhas
Hepliaklqana
Kikubaaqudgha
Makhleb
Nemelex Xobeh
Okawaru
Qazlal
Ru
Sif Muna
Trog
Uskayaw
Vehumet
Xom
Yredelemnul
Zin
The Shining One


Innate Abilities, Weirdness & Mutations

You cannot be hasted, slowed, berserked, paralysed or teleported.
You can dig through walls and to a lower floor.
Your four strong arms can wield two-handed weapons with a shield.
You have a pair of large antennae on your head. (SInv)


Message History

The two-headed ogre hits you with a giant club!
* * * LOW HITPOINT WARNING * * *
You block the two-headed ogre's attack.
You feel much better.
You hit the two-headed ogre.
The two-headed ogre is heavily wounded.
The two-headed ogre barely misses you.
The two-headed ogre hits you but does no damage.
You barely miss the two-headed ogre.
The two-headed ogre is heavily wounded.
You are feeling hungry.
The two-headed ogre hits you with a giant club! x2
* * * LOW HITPOINT WARNING * * *
You feel agile all of a sudden.
The two-headed ogre completely misses you.
The two-headed ogre hits you but does no damage.
You barely miss the two-headed ogre.
The two-headed ogre is heavily wounded.
The two-headed ogre hits you with a giant club!!
You die...

#†................#.
#.......#########.##
#.......## #.##
#........# ##'##
#####........# #...#
........####.# #...#
.......O# .# #...#
......#O# .# #...#
#...O.#@# .# ##'##
#.... #.# #.#. #....
#.# #.## #.#+ #.# {
#.# #. #.# #.# #.# {
#.# #.# #.# #.# #.##
{ #...


You could see a two-headed ogre and an ogre.

Vanquished Creatures
  Pikel (D:8)
  Maurice (D:8)
  A wyvern (D:8)
  Eustachio (D:6)
  2 hell hounds (D:8)
  Duvessa (D:6)
  An ice beast (D:5)
  2 orc warriors
  2 slaves (D:8)
  2 black bears
  A necrophage (D:8)
  A phantom (D:4)
  A centaur (D:5)
  5 ogres
  2 big kobolds (Sewer)
  2 bullfrogs (D:6)
  Dowan (D:6)
  2 scorpions
  A howler monkey (D:4)
  A crimson imp (D:6)
  A quasit (D:8)
  2 orc priests (D:6)
  2 gnoll shamans (D:4)
  A hound (D:5)
  2 jellies (D:5)
  A bullfrog skeleton (D:5)
  2 worker ants
  2 orc wizards (D:6)
  A hound zombie (D:5)
  A hound skeleton (D:7)
  10 gnolls
  14 adders
  2 shadow imps
  6 oozes
  An adder skeleton (D:4)
  10 worms
  2 dart slugs
  3 leopard geckos
  20 orcs
  9 giant cockroaches
  10 goblins
  7 hobgoblins
  10 jackals
  6 quokkas
  8 ball pythons
  5 bats
  7 frilled lizards
  4 goblin zombies (D:8)
  A jackal skeleton (D:5)
  A jackal zombie (D:5)
  11 kobolds
  3 kobold zombies
  A leopard gecko zombie (D:7)
  2 orc skeletons (D:8)
  A quokka zombie (D:5)
  16 rats
216 creatures vanquished.

Vanquished Creatures (others)
  A slave (D:8)
  A necrophage (D:8)
  A worker ant (D:8)
  A jackal (D:8)
4 creatures vanquished.

Grand Total: 220 creatures vanquished

Notes
Turn   | Place    | Note
-------+----------+-------------------------------------------
     0 | D:1      | Murumi the Formicid Fighter began the quest for the Orb.
     0 | D:1      | Reached XP level 1. HP: 18/18 MP: 1/1
   130 | D:1      | Reached skill level 1 in Dodging
   132 | D:1      | Reached XP level 2. HP: 19/24 MP: 2/2
   452 | D:1      | Reached XP level 3. HP: 27/29 MP: 3/3
  1313 | D:2      | Reached XP level 4. HP: 34/35 MP: 4/4
  1687 | D:2      | Reached XP level 5. HP: 20/42 MP: 5/5
  2394 | D:3      | Found a faded altar of an unknown god.
  2777 | D:4      | Noticed an ogre
  2847 | D:4      | Reached skill level 5 in Shields
  2847 | D:4      | Reached XP level 6. HP: 26/48 MP: 6/6
  3045 | D:4      | Found a shimmering altar of Xom.
  3046 | D:4      | Noticed a phantom
  3067 | D:4      | Killed an ogre
  3076 | D:4      | Killed a phantom
  3076 | D:4      | Reached XP level 7. HP: 32/54 MP: 7/7
  3256 | D:4      | Reached skill level 5 in Fighting
  3291 | D:4      | Found an iron altar of Okawaru.
  3303 | D:4      | Found an iron altar of Okawaru.
  3310 | D:4      | Found a basalt altar of Yredelemnul.
  3661 | D:5      | Entered Level 5 of the Dungeon
  3737 | D:5      | Reached skill level 5 in Armour
  3737 | D:5      | Reached XP level 8. HP: 57/62 MP: 8/8
  3768 | D:5      | Found a glowing drain.
  3820 | Sewer    | Entered a sewer
  4817 | D:5      | Found a blossoming altar of Fedhas.
  5354 | D:6      | Reached XP level 9. HP: 51/69 MP: 9/9
  5464 | D:6      | Noticed Eustachio
  5523 | D:6      | Killed Eustachio
  5659 | D:6      | Reached skill level 5 in Long Blades
  5965 | D:6      | Noticed Duvessa
  5968 | D:6      | Noticed Dowan
  5985 | D:6      | Killed Duvessa
  6005 | D:6      | Killed Dowan
  6407 | D:7      | Found a staircase to the Ecumenical Temple.
  6413 | Temple   | Entered the Ecumenical Temple
  6555 | Temple   | Became a worshipper of Elyvilon the Healer
  7186 | D:8      | Found a staircase to the Lair.
  7201 | D:8      | Reached skill level 5 in Dodging
  7447 | D:8      | Reached * piety under Elyvilon
  7580 | D:8      | Reached XP level 10. HP: 79/79 MP: 12/12
  7640 | D:8      | Found a glowing golden altar of the Shining One.
  7758 | D:8      | Reached skill level 5 in Invocations
  8011 | D:8      | Noticed Maurice
  8026 | D:8      | Killed Maurice
  8042 | D:8      | Noticed Pikel
  8064 | D:8      | Killed Pikel
  8276 | D:8      | Noticed a two-headed ogre
  8298 | D:8      | Slain by a two-headed ogre

Vault maps used:
D:1:      lightli_arrival_boilingwater, minmay_distorted
D:2:      minmay_lizard_pond
D:3:      chequers_ecumenical_altar_simple_redux
D:4:      grunt_temple_overflow_open, brannock_xom_greatest_gift, first_bread,
          okawaru_gym_becter
D:5:      fedhas_altar_1, gup_sewer_entry_glass
D:6:      enter_ossuary_3, uniq_duvessa, uniq_eustachio
D:7:      minmay_temple_entry_enclosed_plants
D:8:      nicolae_tso_besieged_by_evil, minmay_lair_entry_lava, uniq_maurice,
          uniq_pikel
Temple:   regret_index_temple_generic_petals
Sewer:    sewer_co_tree

Skill      XL: |  1  2  3  4  5  6  7  8  9 10 |
---------------+-------------------------------+-----
Dodging        | 1 2 3 4 5 |  5.0
Shields        | 4 5 6 8 |  8.0
Long Blades    | 3 4 5 |  5.2
Fighting       | 4 5 6 7 |  7.0
Armour         | 4 5 7 |  7.1
Invocations    | 3 8 |  8.3

Action                   |  1- 3 |  4- 6 |  7- 9 | 10-12 || total
-------------------------+-------+-------+-------+-------++-------
Melee: Long sword        |   163 |   211 |   617 |   102 ||  1093
       Unarmed           |       |       |     1 |       ||     1
Invok: Lesser Healing    |       |       |       |     5 ||     5
 Abil: Dig               |       |     1 |    11 |       ||    12
  Use: Scroll            |     8 |     4 |     8 |       ||    20
       Potion            |       |     1 |     1 |     4 ||     6
 Stab: Distracted        |       |     1 |       |       ||     1
  Eat: Chunk             |     1 |     7 |    17 |     3 ||    28
Armor: Scale mail        |    42 |       |       |       ||    42
       Plate armour      |    38 |   102 |   242 |    41 ||   423
Dodge: Dodged            |    42 |    32 |   157 |    27 ||   258
Block: Shield            |    78 |    87 |   290 |    53 ||   508
       Rpst.: Long sword |    11 |    13 |    44 |     9 ||    77
